 Dungeon Crawl Stone Soup version 0.17-a0-1397-g0eee0a3 (webtiles) character file.

119 urechis the Chopper (level 5, -6/47 HPs)
             Began as a Hill Orc Gladiator on June 17, 2015.
             Mangled by Volodja's ghost (8 damage)
             ... on level 3 of the Dungeon.
             The game lasted 00:05:11 (1971 turns).

urechis the Chopper (Hill Orc Gladiator)            Turns: 1971, Time: 00:05:11

Health: -6/47      AC:  4    Str: 18    XL:     5   Next: 3%
Magic:  5/5        EV:  7    Int:  8    God:
Gold:   141        SH:  0    Dex: 12    Spells: 0 memorised, 4 levels left

rFire  . . .     SeeInvis .     a - +0 war axe
rCold  . . .     Clarity  .     b - +0 leather armour
rNeg   . . .     SustAt   .     (no shield)
rPois  .         Gourm    .     c - +0 helmet
rElec  .         Spirit   .     (no cloak)
rCorr  .         Warding  .     (no gloves)
rMut   .         Stasis   .     (no boots)
MR     .....                    (no amulet)
Stlth  +.........               (no ring)
                                (no ring)

@: not resistant to hostile enchantments, very unstealthy
A: no striking features
a: no special abilities


You were on level 3 of the Dungeon.
You were hungry.

You visited 1 branch of the dungeon, and saw 3 of its levels.

You collected 141 gold pieces.

Inventory:

Hand weapons
 a - a +0 war axe (weapon)
Missiles
 d - 3 throwing nets (quivered)
Armour
 b - a +0 leather armour (worn)
 c - a +0 helmet (worn)
Scrolls
 g - 3 scrolls of magic mapping {unknown}
 h - a scroll of recharging {unknown}
 i - 2 scrolls of identify {unknown}
 k - 2 scrolls of teleportation {unknown}
 l - 3 scrolls of noise {unknown}
 p - 2 scrolls of remove curse {unknown}
Potions
 j - a potion of degeneration {unknown}
 m - a potion of invisibility {unknown}
 o - a potion of agility {unknown}
Books
 n - a book of the Sky

   Spells                             Type                      Level
   a - Summon Lightning Spire         Summoning/Air                4
   b - Airstrike                      Air                          4
   c - Silence                        Hexes/Air                    5
   d - Deflect Missiles               Charms/Air                   6
   e - Conjure Ball Lightning         Conjuration/Air              6
   f - Tornado                        Air                          9
Comestibles
 e - 3 bread rations
 f - 7 fruits


   Skills:
 * Level 4.3 Fighting
 * Level 5.0 Axes
 + Level 2.8 Throwing
 + Level 1.2 Armour
 - Level 2.4 Dodging


You had 4 spell levels left.
You didn't know any spells.

Dungeon Overview and Level Annotations

Branches:
Dungeon (3/15)

Altars:
Sif Muna

Annotations:
D:3 Volodja's ghost, average MfGl


Message History

Volodja's ghost hits you.
You hit Volodja's ghost.
Volodja's ghost is moderately damaged.
Volodja's ghost hits you!
You closely miss Volodja's ghost.
Volodja's ghost is moderately damaged.
Volodja's ghost hits you!
You hit Volodja's ghost.
Volodja's ghost is heavily damaged.
Volodja's ghost barely misses you. Volodja's ghost hits you!
* * * LOW HITPOINT WARNING * * *
You are too injured to fight recklessly!
You are too injured to fight recklessly!
You slash Volodja's ghost!
Volodja's ghost is almost destroyed.
Volodja's ghost hits you!
* * * LOW HITPOINT WARNING * * *
There is a stone staircase leading up here.
Volodja's ghost hits you!
You die...

##+##
##...##
#...W@#
#.......#
#.......<.#
+.........+
#.........#
##.......##
##.....##
##.$.##


You could see Volodja's ghost.

Vanquished Creatures
  3 adders (D:2)
  4 gnolls (D:2)
  2 worms (D:2)
  A giant gecko (D:2)
  4 bats
  4 giant cockroaches
  6 hobgoblins
  4 jackals (D:2)
  9 goblins
  9 kobolds
  3 rats
49 creatures vanquished.

Notes
Turn   | Place    | Note
--------------------------------------------------------------
     0 | D:1      | urechis the Hill Orc Gladiator began the quest for the Orb.
     0 | D:1      | Reached XP level 1. HP: 18/18 MP: 1/1
   397 | D:1      | Reached XP level 2. HP: 25/25 MP: 2/2
   737 | D:1      | Reached XP level 3. HP: 23/31 MP: 3/3
  1014 | D:2      | Reached XP level 4. HP: 8/40 MP: 4/4
  1404 | D:2      | Reached skill level 5 in Axes
  1607 | D:2      | Reached skill level 1 in Armour
  1771 | D:2      | Reached XP level 5. HP: 46/46 MP: 5/5
  1896 | D:2      | Found a deep blue altar of Sif Muna.
  1962 | D:3      | Noticed Volodja's ghost (average MfGl)
  1969 | D:3      | HP: 2/47 [Volodja's ghost (11)]
  1971 | D:3      | Mangled by Volodja's ghost

Vault maps used:
D:1:      dpeg_arrival_houses_and_road, serial_glass, glass_columns_a,
          glass_columns_b, glass_columns_b, glass_columns_a, glass_columns_c,
          glass_columns_a
D:2:      led_sif_pool
D:3:      gammafunk_temple_overflow_statue, first_bread

Action                   |  1- 3 |  4- 6 || total
-------------------------+-------+-------++-------
Melee: War axe           |    63 |    77 ||   140
Throw: Throwing net      |       |     1 ||     1
 Stab: Held in net/web   |       |     1 ||     1
  Eat: Chunk             |       |     3 ||     3
